 Dungeon Crawl Stone Soup version 0.27.1-33-g824d729ab1 (webtiles) character file.

Game seed: 12699471950201106224

466 sking99 the Ruffian (level 6, 51/51 HPs)
             Began as a Minotaur Transmuter on Dec 11, 2021.
             Quit the game on level 4 of the Dungeon.
             The game lasted 00:09:34 (5189 turns).

sking99 the Ruffian (Minotaur Transmuter)           Turns: 5189, Time: 00:09:34

Health: 51/51      AC:  0    Str: 15    XL:     6   Next: 81%
Magic:  7/7        EV: 13    Int: 11    God:
Gold:   139        SH:  0    Dex: 11    Spells: 2/8 levels left

rFire    + . .     SeeInvis .     - Unarmed
rCold    x . .     Faith    .   (no shield)
rNeg     . . .     Spirit   .   (no armour)
rPois    .         Reflect  .   (helmet restricted)
rElec    .         Harm     .   (no cloak)
rCorr    .         Rampage  .   (no gloves)
Will     .....                  (no boots)
Stlth    +.........             (no amulet)
HPRegen  0.17/turn              c - ring of fire
MPRegen  0.10/turn              (no ring)

@: no status effects
A: horns 2, retaliatory headbutt
a: no special abilities


You were on level 4 of the Dungeon.
You visited 1 branch of the dungeon, and saw 4 of its levels.
You also visited: Sewer.

You collected 139 gold pieces.

Inventory:

Armour
 i - a +0 chain mail
Jewellery
 c - a ring of fire (left hand)
 k - a +4 ring of evasion
Scrolls
 b - a scroll of silence
Potions
 a - a potion of berserk rage {unknown}
 d - a potion of brilliance {unknown}
 e - a potion of heal wounds
 g - a potion of attraction {unknown}
 j - a potion of curing {unknown}
 m - a potion of lignification
 n - 2 potions of degeneration {unknown}
 o - 2 potions of invisibility {unknown}
 q - a potion of haste {unknown}
 s - a potion of magic {unknown}


   Skills:
 - Level 3.4 Fighting
 + Level 2.1 Armour
 + Level 3.7 Dodging
 + Level 5.9 Unarmed Combat
 - Level 1.8 Spellcasting
 - Level 2.1 Transmutations
 - Level 1.0 Poison Magic


You had 2 spell levels left.
You knew the following spells:

 Your Spells              Type           Power      Damage    Failure   Level
a - Beastly Appendage     Tmut           10%        N/A       12%         1
b - Wereblood             Tmut           5%         N/A       19%         2
c - Spider Form           Tmut/Pois      2%         N/A       43%         3

Your spell library contained the following spells:

 Spells                   Type           Power      Damage    Failure   Level
 Animate Skeleton         Necr           2%         N/A       30%         1
 Magic Dart               Conj           4%         1d3       30%         1
 Pain                     Necr           4%         1d4       30%         1
 Vampiric Draining        Necr           0%         2d6       65%         3
 Ice Form                 Ice/Tmut       3%         N/A       88%         4


Dungeon Overview and Level Annotations

Branches:
Dungeon (4/15)              Sewer (visited)
 Temple: D:4-7

Altars:

Shops:
D:3 (


Innate Abilities, Weirdness & Mutations

You have a pair of horns on your head.
You reflexively headbutt those who attack you in melee.


Message History

The centaur barely misses you. You furiously retaliate!
You headbutt the centaur, but do no damage.
The centaur barely misses you.
You hit the centaur.
You kill the centaur!
Your Transmutations skill increases to level 2!
Your Poison Magic skill increases to level 1!
You start resting.
A ball python comes into view.
The ball python hisses angrily.
There is a stone staircase leading up here.
You climb upwards.
There is a stone staircase leading down here.
You start resting.
HP restored.
You climb downwards.
The ball python bites you but does no damage.
The ball python closely misses you. x2; You furiously retaliate!
You headbutt the ball python!
You kill the ball python!
There is a stone staircase leading up here.
No target in view!
No target in view!
Found Woji Qui's Initiation to Spellcraft.
Found a scroll of silence.
There is an open door here.
You pick up Woji Qui's Initiation to Spellcraft and begin reading...
You add the spell Magic Dart to your library.
There is an open door here.
Okay, then.
b - a scroll of silence Drop what? 14/52 slots (_ for help) (? for menu, Esc to quit)
Okay, then.
You remove your +4 ring of evasion.
You feel more attuned to fire.
c - a ring of fire (left hand)
You start removing your armour.
You continue taking off your +0 chain mail. x4
You finish taking off your +0 chain mail.
Are you sure you want to abandon this character and quit the game? (Confirm with "yes".)

########################
............>...[.#.....
.......@..........#.....
...............†..#.....
##...##........<.##...##
#...##..........##...##
#..........).....#.....
#...###'####....##.....
#...##...###....##.....
#.........#.<..........
#...##....'.....#######


There were no monsters in sight!

Vanquished Creatures
  A water moccasin (Sewer)
  A centaur (D:4)
  A bullfrog skeleton (D:4)
  A hound (D:4)
  An orc wizard (D:2)
  4 gnolls (D:3)
  5 adders
  3 worms
  3 dart slugs
  3 orcs
  8 bats
  10 endoplasms
  7 giant cockroaches
  9 goblins
  5 hobgoblins
  4 jackals
  5 quokkas
  4 ball pythons
  A frilled lizard (D:1)
  11 kobolds
  9 rats
96 creatures vanquished.

Notes
Turn   | Place    | Note
-------+----------+-------------------------------------------
     0 | D:1      | sking99 the Minotaur Transmuter began the quest for the
                  | Orb.
     0 | D:1      | Reached XP level 1. HP: 16/16 MP: 1/1
   308 | D:1      | Reached XP level 2. HP: 23/23 MP: 3/3
   789 | D:1      | Reached skill level 4 in Unarmed Combat
   930 | D:1      | Reached XP level 3. HP: 29/29 MP: 1/4
  2034 | D:2      | Reached XP level 4. HP: 37/37 MP: 5/5
  2827 | D:3      | Found Qyri's Antique Weapon Shoppe.
  2839 | D:3      | Found a glowing drain.
  2852 | D:3      | Reached skill level 1 in Armour
  2869 | Sewer    | Entered a sewer
  2940 | Sewer    | Noticed a water moccasin
  2950 | Sewer    | Killed a water moccasin
  2951 | Sewer    | Reached skill level 5 in Unarmed Combat
  2951 | Sewer    | Reached XP level 5. HP: 40/45 MP: 3/6
  3188 | D:3      | Reached XP level 6. HP: 24/51 MP: 5/7
  3391 | D:3      | Learned a level 2 spell: Wereblood
  3395 | D:3      | Learned a level 3 spell: Spider Form
  4919 | D:4      | Reached skill level 1 in Poison Magic
  5171 | D:4      | Got Woji Qui's Initiation to Spellcraft
  5189 | D:4      | Quit the game

Illustrated notes

Levels and vault maps discovered:
D:1:      lemuel_arrival_hallway, layout_loops_corners, minmay_3d_cube
D:2:      layout_basic, serial_corexii_hall, corexii_hall_statues_s,
          corexii_hall_statues_t
D:3:      layout_rooms, serial_shops, shop, gup_sewer_entry_glass,
          hangedman_abyss_or_decor_lesser_grid, minmay_crystal_water,
          nrook_uturn, minmay_randomly_rotated_circles
D:4:      layout_gridville, kennysheep_generic_room_14

Skill      XL: |  1  2  3  4  5  6 |
---------------+-------------------+-----
Fighting       | 2 3 |  3.4
Unarmed Combat | 4 5 |  5.9
Dodging        | 3 |  3.7
Armour         | 2 |  2.1
Transmutations | 2 |  2.1
Poison Magic   | 1 |  1.0
Spellcasting   | |  1.8

Action                   |  1- 3 |  4- 6 || total
-------------------------+-------+-------++-------
Melee: Unarmed           |    92 |   182 ||   274
       Headbutt          |    16 |    26 ||    42
       Punch             |     2 |     1 ||     3
       Kick              |     7 |       ||     7
 Cast: Beastly Appendage |    15 |       ||    15
  Use: Scroll            |       |     6 ||     6
 Stab: Sleeping          |     3 |       ||     3
Armor: Robe              |     7 |       ||     7
       Chain mail        |    10 |    91 ||   101
Dodge: Dodged            |    44 |    93 ||   137
